 Dungeon Crawl Stone Soup version 0.27.1-3-gb3d3a73c9e (webtiles) character file.

Game seed: 15518400956726641185

112 Crownlay the Chopper (level 4, -2/39 HPs)
             Began as a Minotaur Fighter on Oct 10, 2021.
             Killed from afar by an orc wizard (8 damage)
             ... with a magic dart
             ... on level 3 of the Dungeon.
             The game lasted 00:02:12 (1563 turns).

Crownlay the Chopper (Minotaur Fighter)             Turns: 1563, Time: 00:02:13

Health: -2/39      AC: 11    Str: 22    XL:     4   Next: 63%
Magic:  3/3        EV:  9    Int:  5    God:
Gold:   74         SH:  0    Dex:  9    Spells: 3/3 levels left

rFire    . . .     SeeInvis .   i - +1 hand axe (vamp)
rCold    . . .     Faith    .   (no shield)
rNeg     . . .     Spirit   .   b - +0 scale mail
rPois    .         Reflect  .   (helmet restricted)
rElec    .         Harm     .   (no cloak)
rCorr    .         Rampage  +   o - +0 pair of gloves
Will     .....                  c - +2 pair of boots {rampage}
Stlth    ..........             (no amulet)
HPRegen  0.13/turn              (no ring)
MPRegen  0.08/turn              (no ring)

@: confused
A: horns 2, retaliatory headbutt
a: no special abilities


You were on level 3 of the Dungeon.
You visited 1 branch of the dungeon, and saw 3 of its levels.

You collected 74 gold pieces.

Inventory:

Hand Weapons
 i - a +1 vampiric hand axe (weapon)
Armour
 b - a +0 scale mail (worn)
 c - a +2 pair of boots of rampaging (worn)
 o - a +0 pair of gloves (worn)
Jewellery
 m - a ring of fire
Scrolls
 e - 2 scrolls of identify {unknown}
 f - a scroll of amnesia {unknown}
 g - a scroll of enchant armour {unknown}
 h - a scroll of vulnerability {unknown}
 j - 2 scrolls of fog {unknown}
 k - a scroll of magic mapping {unknown}
 l - 2 scrolls of teleportation {unknown}
 n - a scroll of enchant weapon {unknown}
Potions
 a - a potion of curing {unknown}
 d - a potion of might


   Skills:
 - Level 3.6 Fighting
 + Level 6.0 Axes
 - Level 3.6 Armour
 - Level 3.6 Shields


You had 3 spell levels left.
You didn't know any spells.
Your spell library was empty.

Dungeon Overview and Level Annotations

Branches:
Dungeon (3/15)

Altars:
Wu Jian


Innate Abilities, Weirdness & Mutations

You have a pair of horns on your head.
You reflexively headbutt those who attack you in melee.


Message History

The orc is severely wounded.
The orc hits you with a +0 war axe!
You slash the orc!
You feel better.
You kill the orc!
The orc priest invokes the aid of Beogh against you.
Beogh smites you!
You slash the orc!
You kill the orc!
You hear some strange, mumbled words.
You are confused.
Your Axes skill increases to level 6!
You are too confused!
You are too confused!
You are too confused!
You are too confused!
Unknown command.
You're too confused to move!
You completely miss something. Your headbutt misses something.
Something hits you.
You bump into the rock wall.
You hear some strange, mumbled words.
A puff of flame appears from out of thin air!
The puff of flame hits you.
You bump into the rock wall.
Something hits you.
You miss something. Your headbutt misses something.
You feel less confused.
You hear some strange, mumbled words.
You are confused.
You hear some strange, mumbled words.
A puff of flame appears from out of thin air!
The puff of flame hits you but does no damage.
You bump into the rock wall.
You bump into the rock wall.
The orc priest mumbles some strange prayers to Beogh against you.
Beogh smites you!
* * * LOW HITPOINT WARNING * * *
You hear some strange, mumbled words.
A magic dart appears from out of thin air!
The magic dart hits you!
You die...

.......##.# #..###.##.#
#..# #.##.######
...###.##.##...#
...............#
...###.#...#...# ...#
#......#.## ##.#
#.#...#...#####.#.# #
.....##.##.#..@{)o..#
#########.##...#####..[#
..# #.###### ..# #.# #+#
# #.# #.# #.# ..# ....+


You could see an orc priest.

Vanquished Creatures
  Jessica (D:2)
  Terence (D:2)
  An adder (D:2)
  A worm (D:3)
  2 dart slugs
  2 orcs (D:3)
  2 ball pythons (D:1)
  2 endoplasms
  2 giant cockroaches
  6 goblins
  5 hobgoblins
  3 quokkas
  4 bats
  A frilled lizard (D:2)
  3 kobolds
  5 rats
41 creatures vanquished.

Notes
Turn   | Place    | Note
-------+----------+-------------------------------------------
     0 | D:1      | Crownlay the Minotaur Fighter began the quest for the Orb.
     0 | D:1      | Reached XP level 1. HP: 19/19 MP: 0/0
    37 | D:1      | Reached skill level 3 in Axes
   112 | D:1      | Reached XP level 2. HP: 20/26 MP: 1/1
   768 | D:2      | Noticed Terence
   769 | D:2      | Reached skill level 4 in Axes
   776 | D:2      | Killed Terence
   777 | D:2      | Reached XP level 3. HP: 27/31 MP: 2/2
   824 | D:2      | Found a faded altar of an unknown god.
   840 | D:2      | Reached skill level 5 in Axes
  1204 | D:2      | Noticed Jessica
  1209 | D:2      | Killed Jessica
  1210 | D:2      | Reached XP level 4. HP: 39/39 MP: 3/3
  1482 | D:3      | Found an ornate altar of the Wu Jian Council.
  1556 | D:3      | Reached skill level 6 in Axes
  1563 | D:3      | Killed from afar by an orc wizard

Illustrated notes

Levels and vault maps discovered:
D:1:      ebering_trefoil_3fold, layout_basic, corexii_corridor_pit,
          minivault_19, minivault_25
D:2:      layout_basic, hellmonk_ecumenical_altar_lost_god, minmay_puff,
          uniq_jessica, uniq_terence
D:3:      layout_loops_corners, marbit_many_paths

Skill      XL: |  1  2  3  4 |
---------------+-------------+-----
Axes           | 3 4 5 6 |  6.0
Fighting       | |  3.6
Armour         | |  3.6
Shields        | |  3.6

Action                   |  1- 3 |  4- 6 || total
-------------------------+-------+-------++-------
Melee: War axe           |    30 |       ||    30
       Headbutt          |     5 |     7 ||    12
       Hand axe          |    29 |    23 ||    52
Armor: Scale mail        |    28 |    15 ||    43
Dodge: Dodged            |    17 |     7 ||    24
